 Dungeon Crawl Stone Soup version 0.29.1-2-gbd0b4ee654 (webtiles) character file.

Game seed: 11589050920701829476

228 fantasyman the Chopper (level 5, -1/47 HPs)
             Began as a Minotaur Fighter on Nov 17, 2022.
             Splashed by a jelly's acid (8 damage)
             ... on level 3 of the Dungeon.
             The game lasted 00:02:33 (2410 turns).

fantasyman the Chopper (Minotaur Fighter)           Turns: 2410, Time: 00:02:33

Health: -1/47      AC:  8    Str: 23    XL:     5   Next: 70%
Magic:  4/4        EV:  7    Int:  5    God:
Gold:   157        SH:  4    Dex:  9    Spells: 4/4 levels left

rFire   . . .      SeeInvis .   a - +1 war axe (flame)
rCold   . . .      Faith    .   c - +0 buckler
rNeg    . . .      Spirit   .   f - +0 chain mail
rPois   .          Reflect  .   (helmet restricted)
rElec   .          Harm     .   (no cloak)
rCorr   .          Rampage  .   (no gloves)
Will    .....                   i - +1 pair of boots
Stlth   ..........              (no amulet)
HPRegen 0.15/turn               (no ring)
MPRegen 0.09/turn               (no ring)

@: corroded
A: horns 2, retaliatory headbutt
a: no special abilities


You were on level 3 of the Dungeon.
You visited 1 branch of the dungeon, and saw 4 of its levels.

You collected 157 gold pieces.

Inventory:

Hand Weapons
 a - a +1 war axe of flaming (weapon)
Armour
 c - a +0 buckler (worn)
 f - a +0 chain mail (worn)
 i - a +1 pair of boots (worn)
Jewellery
 r - a ring of resist corrosion
Wands
 s - a wand of flame (6)
Scrolls
 g - 2 scrolls of teleportation {unknown}
 k - a scroll of identify
 l - a scroll of amnesia {unknown}
 m - a scroll of poison
Potions
 b - a potion of heal wounds {unknown}
 d - 3 potions of might
 e - a potion of ambrosia {unknown}
 h - a potion of resistance {unknown}
 j - 2 potions of curing {unknown}
 n - a potion of flight {unknown}
 o - a potion of invisibility {unknown}


   Skills:
 + Level 4.7 Fighting
 + Level 5.1 Axes
 + Level 4.9 Armour
 - Level 0.2 Dodging
 + Level 4.3 Shields


You had 4 spell levels left.
You didn't know any spells.
Your spell library contained the following spells:

 Spells                   Type           Power      Damage    Failure   Level
 Beastly Appendage        Tmut           0%         N/A       99%         1
 Wereblood                Tmut           0%         N/A       100%        2
 Spider Form              Tmut/Pois      0%         N/A       100%        3


Dungeon Overview and Level Annotations

Branches:
Dungeon (4/15)
 Temple: D:4-7

Altars:
Trog


Innate Abilities, Weirdness & Mutations

You have a pair of horns on your head.
You reflexively headbutt those who attack you in melee.


Message History

The black bear claws you but does no damage. x2
The orc priest hits you but does no damage.
The black bear closely misses you. You furiously retaliate!
You headbutt the black bear, but do no damage.
The black bear claws you but does no damage. x2
The orc shouts!
There is a stone staircase leading up here.
You hit the black bear. You burn the black bear.
The black bear is severely wounded.
The black bear bites you but does no damage.
The black bear barely misses you. x2
The jelly jiggles.
You hit the black bear. You burn the black bear.
The black bear is severely wounded.
You barely miss the orc. The orc hits you with a +0 mace.
The black bear barely misses you. You furiously retaliate!
You headbutt the black bear! The black bear closely misses you.
The black bear barely misses you.
You hit the black bear. You burn the black bear.
You kill the black bear!
You barely miss the orc. The orc barely misses you. You block the orc's attack.
The orc priest looks satisfied for a moment.
You block something's attack. The jelly hits you.
You are splashed with acid!
* * * LOW HITPOINT WARNING * * *
Your Axes skill increases to level 5!
The orc hits you but does no damage. The jelly hits you but does no damage.
Something hits you but does no damage.
You climb upwards.
Reactivating autopickup.
There is a stone staircase leading down here.
Deactivating autopickup; reactivate with Ctrl-A.
You barely miss something. You hit the orc but do no damage.
You slash the jelly! You burn the jelly. The acid corrodes you!
Your hands burn!
* * * LOW HITPOINT WARNING * * *
Something hits you but does no damage. The orc barely misses you.
The jelly hits you.
* * * LOW HITPOINT WARNING * * *
You are splashed with acid!
You die...

#...#..#♣...♣#.#...###..........#
#...#.##♣♣.♣♣#.#.........##..##..
#.....####'###.....##....###.....
#...###.##.#.............# #####.
#...###.##.........####### #.
#....#..####.......# #. #......##
#####.### ##
#.....)#########.################
...#.#)...##...J@................
......).......##o.........#######
...##########...#########.# ####
###.# #.#### #.#########....###
#..........###...#
##########.......# #######.# ###


You could see a jelly and an orc.

Vanquished Creatures
  A black bear (D:4)
  4 adders
  3 worms (D:2)
  A dart slug (D:4)
  10 orcs
  13 ball pythons
  6 bats
  11 endoplasms
  4 giant cockroaches
  5 hobgoblins (D:1)
  4 jackals (D:1)
  5 kobolds
  2 quokkas
  3 frilled lizards
  4 goblins
  5 rats
81 creatures vanquished.

Notes
Turn   | Place    | Note
-------+----------+-------------------------------------------
     0 | D:1      | fantasyman the Minotaur Fighter began the quest for the
                  | Orb.
     0 | D:1      | Reached XP level 1. HP: 19/19 MP: 0/0
   149 | D:1      | Reached XP level 2. HP: 19/27 MP: 1/1
   620 | D:1      | Reached XP level 3. HP: 33/33 MP: 2/2
   634 | D:1      | Reached skill level 3 in Axes
  1357 | D:2      | Found a bloodstained altar of Trog.
  1607 | D:2      | Reached XP level 4. HP: 40/40 MP: 3/3
  1803 | D:3      | Found a faded altar of an unknown god.
  1803 | D:3      | Noticed an eye of devastation
  1813 | D:3      | Reached skill level 4 in Axes
  1831 | D:3      | Noticed a great orb of eyes
  1831 | D:3      | Noticed a shining eye
  1831 | D:3      | Noticed a shining eye
  2388 | D:4      | Noticed a black bear
  2400 | D:4      | Reached XP level 5. HP: 35/47 MP: 4/4
  2407 | D:4      | Killed a black bear
  2408 | D:4      | Reached skill level 5 in Axes
  2410 | D:3      | Splashed by a jelly's acid

Illustrated notes

Levels and vault maps discovered:
D:1:      shiori_angband_town, layout_basic, serial_curves, eino_curves_03,
          eino_curves_03
D:2:      layout_loops_ring, basic_altar
D:3:      layout_rooms, hellmonk_ecumenical_altar_watching_god,
          chequers_arboretum, minmay_close_crescents
D:4:      layout_rooms, uniq_ijyb

Skill      XL: |  1  2  3  4  5 |
---------------+----------------+-----
Armour         | 4 |  4.9
Fighting       | 4 |  4.7
Shields        | 4 |  4.3
Axes           | 3 4 5 |  5.1
Dodging        | |  0.2

Action                   |  1- 3 |  4- 6 || total
-------------------------+-------+-------++-------
Melee: War axe           |    88 |    57 ||   145
       Headbutt          |     9 |     6 ||    15
  Use: Scroll            |       |     6 ||     6
Armor: Scale mail        |    14 |       ||    14
       Chain mail        |    36 |    43 ||    79
Dodge: Dodged            |    40 |    26 ||    66
Block: Buckler           |    21 |     9 ||    30
